 Dungeon Crawl Stone Soup version 0.22-a0-565-gfc6459a (webtiles) character file.

182 Hebeh the Shield-Bearer (level 5, -10/47 HPs)
             Began as a Minotaur Fighter on June 28, 2018.
             Mangled by Duvessa
             ... wielding a +0 rapier
              (12 damage)
             ... on level 4 of the Dungeon.
             The game lasted 00:08:23 (2332 turns).

Hebeh the Shield-Bearer (Minotaur Fighter)          Turns: 2332, Time: 00:08:24

Health: -10/47     AC:  7    Str: 22    XL:     5   Next: 35%
Magic:  4/4        EV:  7    Int:  5    God:
Gold:   186        SH:  9    Dex:  9    Spells: 4/4 levels left

rFire    . . .     SeeInvis .   a - +0 war axe
rCold    . . .     Gourm    .   c - +0 shield
rNeg     . . .     Faith    .   b - +0 scale mail
rPois    .         Spirit   .   (helmet restricted)
rElec    .         Reflect  .   (no cloak)
rCorr    .         Harm     .   (no gloves)
MR       .....                  (no boots)
Stlth    ..........             (no amulet)
HPRegen  0.15/turn              (no ring)
MPRegen  0.09/turn              (no ring)

@: no status effects
A: retaliatory headbutt, horns 2
a: no special abilities


You were on level 4 of the Dungeon.
You were not hungry.

You visited 1 branch of the dungeon, and saw 4 of its levels.

You collected 186 gold pieces.

Inventory:

Hand Weapons
 a - a +0 war axe (weapon)
Armour
 b - a +0 scale mail (worn)
 c - a +0 shield (worn)
Jewellery
 m - an uncursed amulet of faith {unknown}
Scrolls
 e - a scroll of immolation {unknown}
 h - a scroll of blinking {unknown}
 k - a scroll of remove curse {unknown}
 l - a scroll of enchant armour {unknown}
 n - 3 scrolls of teleportation {unknown}
 o - 2 scrolls of magic mapping {unknown}
Potions
 d - 2 potions of might
 i - 2 potions of curing {unknown}
 j - a potion of brilliance {unknown}
 p - a potion of haste {unknown}
Comestibles
 f - 6 rations
 g - a chunk of flesh


   Skills:
 + Level 4.6 Fighting
 * Level 4.4 Axes
 + Level 4.7 Armour
 + Level 4.7 Shields


You had 4 spell levels left.
You didn't know any spells.
Your spell library was empty.

Dungeon Overview and Level Annotations

Branches:
Dungeon (4/15)
 Temple: D:4-7

Altars:
Ru

Annotations:
D:4 Duvessa


Innate Abilities, Weirdness & Mutations

You reflexively headbutt those who attack you in melee.
You have a pair of horns on your head.


Message History

You are too injured to fight recklessly!
Unknown command.
You barely miss Duvessa. You headbutt Duvessa!
Duvessa is heavily wounded.
You block Duvessa's attack.
You slash Duvessa! You headbutt Duvessa, but do no damage.
Duvessa is severely wounded.
Duvessa hits you with a rapier.
* * * LOW HITPOINT WARNING * * *
Duvessa hits you with a rapier.
* * * LOW HITPOINT WARNING * * *
You hit Duvessa. You headbutt Duvessa.
Duvessa is severely wounded.
Duvessa hits you with a rapier.
* * * LOW HITPOINT WARNING * * *
Duvessa hits you but does no damage.
You hit Duvessa. You headbutt Duvessa.
Duvessa is almost dead.
Duvessa hits you with a rapier!
You die...

###+#####..
#..........
#.......<.
#........
#......#
#......##+##.
#.)e.........
+..@........
#...........
##......##..
#.......#
#....<..+
#.......#
##......#
#.####### #.


You could see Duvessa (berserk).

Vanquished Creatures
  Dowan (D:4)
  5 adders
  3 oozes
  2 worms
  5 dart slugs
  A leopard gecko (D:1)
  5 orcs (D:3)
  5 bats
  2 giant cockroaches
  5 goblins
  5 hobgoblins
  4 jackals (D:1)
  5 kobolds
  4 frilled lizards
  2 rats
54 creatures vanquished.

Notes
Turn   | Place    | Note
-------+----------+-------------------------------------------
     0 | D:1      | Hebeh the Minotaur Fighter began the quest for the Orb.
     0 | D:1      | Reached XP level 1. HP: 19/19 MP: 0/0
   141 | D:1      | Reached XP level 2. HP: 25/27 MP: 1/1
   300 | D:1      | Reached XP level 3. HP: 33/33 MP: 2/2
  1034 | D:2      | Reached XP level 4. HP: 34/40 MP: 3/3
  1542 | D:3      | Found a sacrificial altar of Ru.
  2319 | D:4      | Noticed Duvessa
  2319 | D:4      | Noticed Dowan
  2325 | D:4      | Killed Dowan
  2325 | D:4      | Reached XP level 5. HP: 47/47 MP: 4/4
  2331 | D:4      | HP: 2/47 [Duvessa/rapier (6)]
  2332 | D:4      | Mangled by Duvessa

Vault maps used:
D:1:      sevenhm_arrival_forest_fort_small_3
D:2:      grunt_ministairs_9, minmay_heptomino_h4
D:3:      nicolae_ru_awakened_eye
D:4:      first_ration, st_stairs_6, uniq_blork_the_orc, uniq_duvessa

Skill      XL: |  1  2  3  4 |
---------------+-------------+-----
Fighting       | 4 |  4.6
Armour         | 4 |  4.7
Shields        | 4 |  4.7
Axes           | 3 4 |  4.4

Action                   |  1- 3 |  4- 6 || total
-------------------------+-------+-------++-------
Melee: War axe           |    71 |    76 ||   147
       Headbutt          |    13 |    13 ||    26
  Eat: Chunk             |       |     5 ||     5
Armor: Scale mail        |    31 |    32 ||    63
Dodge: Dodged            |    25 |    25 ||    50
Block: Shield            |    40 |    44 ||    84

Table legend:
 A = Spawn XP
 B = Non-spawn XP
 C = Spawn XP percentage of total XP
 D = Spawn monster count
 E = Non-spawn monster count
 F = Spawn count percentage of total count
 G = Total turns spent on level
                    A         B        C        D         E        F      G
               +---------+---------+-------+---------+---------+-------+---------
         Total |       0 |     261 |   0.0 |       0 |      54 |   0.0 |  2332
               +---------+---------+-------+---------+---------+-------+---------
           D:1 |       0 |      53 |   0.0 |       0 |      20 |   0.0 |   552
           D:2 |       0 |      57 |   0.0 |       0 |      14 |   0.0 |   990
           D:3 |       0 |      79 |   0.0 |       0 |      19 |   0.0 |   776
           D:4 |       0 |      72 |   0.0 |       0 |       1 |   0.0 |    14
               +---------+---------+-------+---------+---------+-------+---------
